 Dungeon Crawl Stone Soup version 0.29-a0-96-g93358da72b (webtiles) character file.

Game seed: 6652270186490014612

228 innerfire433 the Ducker (level 6, -5/48 HPs)
             Began as a Djinni Monk on Feb 10, 2022.
             Was an Initiate of Ashenzari.
             Killed by nerve-wracking pain
             ... invoked by Grinder
              (9 damage)
             ... on level 3 of the Dungeon.
             The game lasted 00:05:23 (2558 turns).

innerfire433 the Ducker (Djinni Monk)               Turns: 2558, Time: 00:05:24

Health: -5/48      AC:  2    Str: 12    XL:     6   Next: 22%
Gold:   46         EV: 14    Int: 12    God:    Ashenzari [......] SH:  0 Dex: 15

rFire   + + .      SeeInvis .     - Unarmed
rCold   x . .      Faith    .   (no shield)
rNeg    . . .      Spirit   .   a - +0 robe
rPois   ∞          Reflect  .   (no helmet)
rElec   .          Harm     .   (no cloak)
rCorr   .          Rampage  .   (no gloves)
Will    .....                   (boots unavailable)
Stlth   ++........              (no amulet)
HPRegen 0.16/turn               (no ring)
MPRegen 0.00/turn               (no ring)

@: flying
A: sickness immunity, fire resistance 2, cold vulnerability 1, float, innate
caster, HP casting, extra vitality 1
a: Renounce Religion, Curse Item


You were on level 3 of the Dungeon.
You worshipped Ashenzari.
Ashenzari was noncommittal.
You visited 1 branch of the dungeon, and saw 3 of its levels.

You collected 46 gold pieces.

Inventory:

Armour
 a - a +0 robe (worn)
 e - a +0 pair of boots
Scrolls
 b - a scroll of enchant weapon {unknown}
 d - 2 scrolls of identify {unknown}
Potions
 c - a potion of flight


   Skills:
 + Level 4.4 Fighting
 + Level 4.8 Dodging
 - Level 1.5 Stealth
 + Level 4.3 Unarmed Combat
 * Level 0.4 Spellcasting


You had 2 spell levels left.
You knew the following spells:

 Your Spells              Type           Power      Damage    Failure   Level
a - Summon Small Mammal   Summ           4%         N/A       26%         1
b - Corpse Rot            Necr/Air       2%         N/A       38%         2
Your spell library was empty.

Dungeon Overview and Level Annotations

Branches:
Dungeon (3/15)

Altars:
Ashenzari
Fedhas

Shops:
D:1 :   D:2 ?

Annotations:
D:3 Grinder


Innate Abilities, Weirdness & Mutations

You are immune to sickness and miasma.
You are immune to poison.
Your flesh is very heat resistant. (rF++)
You are vulnerable to cold. (rC-)
You float through the air rather than walking.
You learn spells naturally, not from books.
Your magical power is your life essence.
You have superior vitality. (+4 MHP)


Message History

You are too injured to fight recklessly!
You are too injured to fight recklessly!
You are too injured to fight recklessly!
You are too injured to fight recklessly!
Grinder hits you.
* * * LOW HITPOINT WARNING * * *
You writhe in agony.
* * * LOW HITPOINT WARNING * * *
You closely miss Grinder.
Grinder is moderately wounded.
Grinder blinks!
Grinder blinks!
Grinder blinks!
There is a blossoming altar of Fedhas here.
You see here 13 gold pieces.
You barely miss Grinder.
Grinder is moderately wounded.
Grinder hits you.
* * * LOW HITPOINT WARNING * * *
You writhe in agony.
* * * LOW HITPOINT WARNING * * *
You closely miss Grinder.
Grinder is moderately wounded.
Grinder hits you.
* * * LOW HITPOINT WARNING * * *
You writhe in agony.
* * * LOW HITPOINT WARNING * * *
You hit Grinder.
Grinder is moderately wounded.
Grinder closely misses you.
You hit Grinder but do no damage.
Grinder is moderately wounded.
Grinder barely misses you.
You closely miss Grinder.
Grinder is moderately wounded.
You hit Grinder but do no damage.
Grinder is moderately wounded.
Grinder gestures at you. Pain shoots through your body!
You die...

.###...........#
##. .#
#####...###.# ..
.# #...#... ..
.# #...#†# .# .#
#.....# .# ##
#.P.P.####.##
#.._$.......#.#
#.P.P.........#
#.....##5@###.#
##...#......#
............#
###.........!..
#..........#.#
#.#........#...
#.#######.## #..
#.# .. #.


You could see Grinder.

Vanquished Creatures
  Sigmund (D:2)
  2 adders (D:2)
  A dart slug (D:1)
  3 ball pythons (D:1)
  4 bats (D:1)
  2 endoplasms
  4 giant cockroaches
  8 goblins
  4 hobgoblins
  5 quokkas
  A frilled lizard (D:1)
  7 kobolds
  5 rats
47 creatures vanquished.

Notes
Turn   | Place    | Note
-------+----------+-------------------------------------------
     0 | D:1      | innerfire433 the Djinni Monk began the quest for the Orb.
     0 | D:1      | Reached XP level 1. HP: 20/20 MP: 0/0
    43 | D:1      | Reached XP level 2. HP: 4/25 MP: 0/0
   831 | D:1      | Reached XP level 3. HP: 30/30 MP: 0/0
   831 | D:1      | Learned a level 1 spell: Summon Small Mammal
   844 | D:1      | Found Musoveth's Book Emporium.
  1496 | D:2      | Noticed Sigmund
  1512 | D:2      | Killed Sigmund
  1513 | D:2      | Reached XP level 4. HP: 19/37 MP: 0/0
  1513 | D:2      | Reached XP level 5. HP: 21/41 MP: 0/0
  1513 | D:2      | Learned a level 2 spell: Corpse Rot
  1513 | D:2      | Reached XP level 6. HP: 25/47 MP: 0/0
  1675 | D:2      | Found Nyxze's Magic Scroll Boutique.
  1986 | D:2      | Found a faded altar of an unknown god.
  1997 | D:2      | Prayed at the altar of an unknown god.
  1997 | D:2      | Became a worshipper of Ashenzari the Shackled
  2471 | D:3      | Found a blossoming altar of Fedhas.
  2525 | D:3      | Noticed Grinder
  2536 | D:3      | Paralysed by Grinder for 2 turns
  2558 | D:3      | Killed from afar by Grinder

Illustrated notes

Levels and vault maps discovered:
D:1:      dpeg_arrival_short_road, layout_basic, serial_shops, shop
D:2:      layout_rooms, hellmonk_ecumenical_altar_slurped_away, serial_shops,
          shop, uniq_sigmund
D:3:      minmay_wonky_spiral, layout_loops_cross, fedhas_altar_1,
          nicolae_concentric_dashed_squares_mild, uniq_grinder

Skill      XL: |  1  2  3 |
---------------+----------+-----
Fighting       | 4 |  4.4
Dodging        | 4 |  4.8
Unarmed Combat | 4 |  4.3
Stealth        | |  1.5
Spellcasting   | |  0.4

Action                   |  1- 3 |  4- 6 || total
-------------------------+-------+-------++-------
Melee: Unarmed           |   130 |    72 ||   202
       Punch             |     2 |     1 ||     3
 Cast: Summon Small Mamm |       |     2 ||     2
  Use: Potion            |     1 |     1 ||     2
 Stab: Sleeping          |     5 |     2 ||     7
       Distracted        |       |     3 ||     3
Armor: Robe              |    25 |     4 ||    29
Dodge: Dodged            |    92 |    30 ||   122

Table legend: (Time is in decaauts)
 A = Elapsed time spent in this place.
 B = Non-inter-level travel time spent in this place.
 C = Inter-level travel time spent in this place.
 D = Time resting spent in this place.
 E = Time spent auto-exploring this place.
 F = Levels seen in this place.
 G = Mean time per level.
                   A        B        C        D        E       F      G
               +--------+--------+--------+--------+--------+-----+--------+
         Total |   2544 |   2522 |     22 |      0 |   2107 |   3 |  848.0 |
       Dungeon |   2544 |   2522 |     22 |      0 |   2107 |   3 |  848.0 |
               +--------+--------+--------+--------+--------+-----+--------+

Top non-repeatable levels by time:
     D:1: 1471 daAuts
     D:2: 881 daAuts
     D:3: 191 daAuts
